 Dungeon Crawl Stone Soup version 0.22.1-5-g62c59d919a (webtiles) character file.

15296 Peloso the Carver (level 12, -4/105 HPs)
             Began as a Minotaur Fighter on Jan 12, 2019.
             Was the Champion of Okawaru.
             Slain by a minotaur
             ... wielding the +8 demon blade "Bloodbane" {slice, *Rage +Rage Stlth-}
              (11 damage)
             ... in a labyrinth.
             The game lasted 00:27:33 (12446 turns).

Peloso the Carver (Minotaur Fighter)               Turns: 12446, Time: 00:27:34

Health: -4/105     AC: 22    Str: 24    XL:     12   Next: 0%
Magic:  19/20      EV: 11    Int:  5    God:    Okawaru [******]
Gold:   693        SH: 15    Dex: 12    Spells: 11/11 levels left

rFire    . . .     SeeInvis .   a - +7 falchion of Defilement {flame, MP+9 Stlth+}
rCold    + . .     Gourm    .   c - +0 shield
rNeg     . . .     Faith    +   B - +1 plate armour
rPois    .         Spirit   .   (helmet restricted)
rElec    .         Reflect  .   P - +0 cloak
rCorr    .         Harm     .   (no gloves)
MR       +....                  Q - +0 pair of boots
Stlth    ..........             o - amulet of faith
HPRegen  0.27/turn              j - ring of protection from magic
MPRegen  0.17/turn              F - ring of protection from cold

@: heroism
A: retaliatory headbutt, horns 2
a: Heroism, Finesse, Renounce Religion


You were in a labyrinth.
You worshipped Okawaru.
Okawaru was exalted by your worship.
You were not hungry.

You visited 3 branches of the dungeon, and saw 14 of its levels.
You also visited: Labyrinth and Sewer.

You collected 693 gold pieces.

Inventory:

Hand Weapons
 a - the +7 falchion of Defilement (weapon) {flame, MP+9 Stlth+}
   (You found it on level 7 of the Dungeon)

   It has been specially enchanted to burn those struck by it, causing extra
   injury to most foes and up to half again as much damage against particularly
   susceptible opponents.
   Big, fiery blades are also staple armaments of hydra-hunters.
   It affects your magic capacity (+9).
   It makes you more stealthy.
 b - the +1 falchion "Kuteer" {speed, *Noise MR+++ Int-4 Dex+6}
   (Okawaru gifted it to you on level 11 of the Dungeon)

   Attacks with this weapon are significantly faster.
   It affects your intelligence (-4).
   It affects your dexterity (+6).
   It affects your resistance to hostile enchantments.
   It may make noises in combat.
Armour
 c - a +0 shield (worn)
 h - a +0 chain mail
 B - a +1 plate armour (worn)
 L - the +0 hat "Foxocuisk" {rPois rN+++ Slay-3 Stlth-}
   (Okawaru gifted it to you on level 12 of the Dungeon)

   It affects your accuracy and damage with ranged weapons and melee attacks
   (-3).
   It protects you from poison.
   It renders you almost immune to negative energy.
   It makes you less stealthy.
 P - a +0 cloak (worn)
 Q - a +0 pair of boots (worn)
Jewellery
 j - a ring of protection from magic (left hand)
 o - an amulet of faith (around neck)
 x - an uncursed amulet of guardian spirit
 y - a +5 ring of evasion
 F - a ring of protection from cold (right hand)
 G - an uncursed amulet of rage
 S - an uncursed ring of positive energy {unknown}
Wands
 s - a wand of paralysis (19)
 I - a wand of digging (16)
 K - a wand of iceblast (15)
 R - a wand of disintegration (18)
Scrolls
 e - 2 scrolls of identify
 g - 7 scrolls of remove curse
 i - 8 scrolls of teleportation
 k - 3 scrolls of enchant armour
 l - a scroll of magic mapping
 n - 3 scrolls of fear {unknown}
 p - 5 scrolls of immolation {unknown}
 t - 3 scrolls of blinking {unknown}
 v - 3 scrolls of fog {unknown}
 w - 4 scrolls of enchant weapon {unknown}
 C - 2 scrolls of random uselessness {unknown}
 D - 2 scrolls of vulnerability {unknown}
 E - a scroll of noise {unknown}
 H - 3 scrolls of amnesia {unknown}
Potions
 d - 2 potions of might
 m - a potion of resistance
 q - 5 potions of curing
 r - 7 potions of heal wounds
 z - a potion of haste
 A - a potion of berserk rage
 J - a potion of flight
 N - a potion of agility
Comestibles
 f - 18 rations


   Skills:
 + Level 9.4(14.4) Fighting
 + Level 13.7(18.7) Long Blades
 + Level 11.5(16.5) Armour
 + Level 3.0(8.0) Dodging
 + Level 2.6(7.6) Stealth
 + Level 11.7(16.7) Shields
 + Level 0.8 Invocations
 + Level 0.1 Evocations


You had 11 spell levels left.
You didn't know any spells.
Your spell library contained the following spells:

 Spells                   Type           Power        Failure   Level  Hunger
 Animate Skeleton         Necr           N/A          98%         1    ##.....
 Apportation              Tloc           #.....       98%         1    ##.....
 Confusing Touch          Hex            #.....       98%         1    ##.....
 Shock                    Conj/Air       #...         98%         1    ##.....
 Summon Small Mammal      Summ           #...         98%         1    ##.....
 Blink                    Tloc           N/A          99%         2    ###....
 Shroud of Golubria       Chrm/Tloc      #.........   99%         2    ###....
 Swiftness                Chrm/Air       #.......     99%         2    ###....
 Gell's Gravitas          Tloc           #.........   100%        3    ####...
 Lesser Beckoning         Tloc           #.........   100%        3    ####...
 Static Discharge         Conj/Air       #.......     100%        3    ####...
 Teleport Other           Tloc           #.......     100%        3    ####...
 Airstrike                Air            #.........   100%        4    #####..
 Passage of Golubria      Tloc           N/A          100%        4    #####..
 Lightning Bolt           Conj/Air       #.........   100%        5    ######.


Dungeon Overview and Level Annotations

Branches:
Dungeon (12/15)            Temple (1/1) D:7            Lair (1/6) D:10
    Orc (0/2) D:12

Altars:
Ashenzari
Cheibriados
Dithmenos
Elyvilon
Fedhas
Gozag
Hepliaklqana
Kikubaaqudgha
Makhleb
Nemelex Xobeh
Okawaru
Ru
Sif Muna
Trog
Uskayaw
Vehumet
Wu Jian
Xom
Yredelemnul
Zin
The Shining One

Shops:
D:12 (


Innate Abilities, Weirdness & Mutations

You reflexively headbutt those who attack you in melee.
You have a pair of horns on your head.


Message History

The minotaur goes berserk!
You block the minotaur's attack. The minotaur gores you.
You hit the minotaur but do no damage.
You headbutt the minotaur, but do no damage.
The minotaur is severely wounded.
The minotaur hits you with the +8 demon blade "Bloodbane" {slice, *Rage +Rage
* * * LOW HITPOINT WARNING * * *
x2 The minotaur completely misses you.
You hit the minotaur. You burn the minotaur.
The minotaur is severely wounded.
You block the minotaur's attack. The minotaur gores you!
* * * LOW HITPOINT WARNING * * *
Unknown command.
You closely miss the minotaur. You headbutt the minotaur.
The minotaur is severely wounded.
You hit the minotaur. You burn the minotaur.
You headbutt the minotaur, but do no damage.
The minotaur is severely wounded.
The minotaur hits you with the +8 demon blade "Bloodbane" {slice, *Rage +Rage You die...

# ..
.....# #
#.# # .
## .#
##### ###
# #.....
...# #.##
##.# . .#
#...# #
## ##.#
#. .# #
###.###.#
#....@H<#
###.#####
#.# ###


You could see a minotaur (berserk).

Vanquished Creatures
  A hydra (D:11)
  Harold (D:8)
  4 two-headed ogres
  An ugly thing (D:12)
  A deep elf mage (D:12)
  A cyclops (D:11)
  Joseph (D:8)
  Psyche (D:8)
  3 centaur skeletons
  A komodo dragon (D:11)
  A troll (D:11)
  A hornet (D:12)
  Grinder (D:5)
  2 hippogriffs
  A water elemental (D:12)
  A wyvern (D:12)
  A human (D:10)
  2 vampires
  5 yaks (D:12)
  6 basilisks
  A hungry ghost (D:9)
  3 wargs (D:10)
  A water moccasin (D:12)
  4 orc warriors
  Purgy (Sewer)
  3 sky beasts
  3 ice beasts
  A black bear (D:7)
  11 ogres
  2 centaurs (D:5)
  A necrophage (D:8)
  3 big kobolds
  Blork the orc (D:5)
  3 bullfrogs
  A wyvern zombie (D:7)
  A scorpion (D:11)
  10 killer bees
  6 wights
  A howler monkey (D:6)
  A bullfrog zombie (D:11)
  2 electric eels (D:12)
  4 crimson imps
  2 hounds
  2 orc priests
  2 jellies (D:10)
  2 bullfrog skeletons
  Jessica (D:2)
  3 iguanas
  Natasha (twice) (D:2)
  8 worker ants
  7 orc wizards
  4 gnolls
  11 adders
  3 shadow imps
  2 oozes
  5 worms
  2 dart slugs
  4 leopard geckos
  46 orcs
  7 bats
  8 giant cockroaches
  18 goblins
  10 hobgoblins
  24 jackals
  6 quokkas
  8 ball pythons
  13 frilled lizards
  A jackal skeleton (D:4)
  17 kobolds
  17 rats
335 creatures vanquished.

Notes
Turn   | Place    | Note
-------+----------+-------------------------------------------
     0 | D:1      | Peloso the Minotaur Fighter began the quest for the Orb.
     0 | D:1      | Reached XP level 1. HP: 19/19 MP: 0/0
   122 | D:1      | Found a shattered altar of Ashenzari.
   135 | D:1      | Reached XP level 2. HP: 14/27 MP: 1/1
   592 | D:1      | Reached skill level 3 in Long Blades
   796 | D:1      | Reached XP level 3. HP: 33/34 MP: 2/2
  1171 | D:1      | Reached XP level 4. HP: 8/41 MP: 3/3
  1621 | D:2      | Found a blossoming altar of Fedhas.
  1621 | D:2      | Found a radiant altar of Vehumet.
  1624 | D:2      | Found a glowing silver altar of Zin.
  1624 | D:2      | Noticed Jessica
  1625 | D:2      | Found a deep blue altar of Sif Muna.
  1625 | D:2      | Found an ancient bone altar of Kikubaaqudgha.
  1636 | D:2      | Killed Jessica
  1836 | D:2      | Noticed Natasha
  1852 | D:2      | Killed Natasha
  1852 | D:2      | Reached XP level 5. HP: 26/47 MP: 4/4
  2089 | D:2      | Noticed Natasha
  2093 | D:2      | Killed Natasha
  2093 | D:2      | Reached skill level 5 in Armour
  2186 | D:3      | Reached skill level 5 in Shields
  2334 | D:2      | Reached skill level 1 in Dodging
  2635 | D:3      | Reached XP level 6. HP: 32/55 MP: 5/5
  2792 | D:3      | Reached skill level 4 in Long Blades
  3046 | D:4      | Found a glowing drain.
  3078 | Sewer    | Entered a sewer
  3127 | Sewer    | Noticed Purgy
  3147 | Sewer    | Killed Purgy
  3147 | Sewer    | Reached skill level 5 in Fighting
  3452 | D:4      | Reached skill level 5 in Long Blades
  3452 | D:4      | Reached XP level 7. HP: 29/61 MP: 6/6
  4112 | D:5      | Entered Level 5 of the Dungeon
  4124 | D:5      | Reached skill level 6 in Long Blades
  4195 | D:5      | Noticed Blork the orc
  4212 | D:5      | Killed Blork the orc
  4289 | D:5      | Reached XP level 8. HP: 57/69 MP: 7/7
  4508 | D:5      | Noticed Grinder
  4522 | D:5      | Killed Grinder
  4522 | D:5      | Reached skill level 7 in Long Blades
  4522 | D:5      | Reached skill level 1 in Stealth
  4675 | D:5      | Noticed a two-headed ogre
  4683 | D:5      | Killed a two-headed ogre
  4683 | D:5      | Reached skill level 8 in Long Blades
  4683 | D:5      | Reached XP level 9. HP: 58/78 MP: 8/8
  4904 | D:6      | Reached skill level 9 in Long Blades
  5298 | D:6      | Found a white marble altar of Elyvilon.
  6010 | D:7      | Got a warped falchion
  6011 | D:7      | Identified the +7 falchion of Defilement {flame, MP+9
                  | Stlth+} (You found it on level 7 of the Dungeon)
  6053 | D:7      | Found a staircase to the Ecumenical Temple.
  6172 | Temple   | Entered the Ecumenical Temple
  6241 | Temple   | Became a worshipper of Warmaster Okawaru
  6368 | D:7      | Noticed a hand axe
  6368 | D:7      | Noticed a hand axe
  6373 | D:7      | Found a hide-covered altar of Uskayaw.
  6825 | D:8      | Noticed Psyche
  6835 | D:8      | Killed Psyche
  6835 | D:8      | Reached * piety under Okawaru
  6901 | D:8      | Reached skill level 10 in Long Blades
  7095 | D:8      | Noticed Joseph
  7107 | D:8      | Killed Joseph
  7236 | D:8      | Noticed Harold
  7251 | D:8      | Killed Harold
  7251 | D:8      | Reached ** piety under Okawaru
  7251 | D:8      | Reached XP level 10. HP: 55/86 MP: 9/9
  8375 | D:9      | Reached skill level 11 in Long Blades
  8519 | D:9      | Noticed a two-headed ogre
  8530 | D:9      | Killed a two-headed ogre
  8530 | D:9      | Reached *** piety under Okawaru
  8599 | D:9      | Reached skill level 10 in Shields
  8666 | D:9      | Reached **** piety under Okawaru
  8915 | D:10     | Entered Level 10 of the Dungeon
  8964 | D:10     | You fall through a shaft for 2 floors!
  8964 | D:12     | Noticed a deep elf mage
  8989 | D:12     | Killed a deep elf mage
  8990 | D:12     | Reached skill level 12 in Long Blades
  9012 | D:12     | Reached ***** piety under Okawaru
  9178 | D:12     | Noticed a two-headed ogre
  9190 | D:12     | Killed a two-headed ogre
  9190 | D:12     | Received a gift from Okawaru
  9190 | D:12     | Reached XP level 11. HP: 50/95 MP: 10/10
  9335 | D:12     | Reached skill level 10 in Armour
  9562 | D:11     | Found a shattered altar of Ashenzari.
  9575 | D:11     | Noticed a two-headed ogre
  9593 | D:11     | Killed a two-headed ogre
  9880 | D:11     | Received a gift from Okawaru
  9895 | D:11     | Reached skill level 13 in Long Blades
  9902 | D:11     | Got a dazzling falchion {god gift}
  9903 | D:11     | Identified the +1 falchion "Kuteer" {speed, *Noise MR+++
                  | Int-4 Dex+6} (Okawaru gifted it to you on level 11 of the
                  | Dungeon)
 10267 | D:10     | Found a staircase to the Lair.
 10704 | D:11     | Noticed an eight-headed hydra
 10713 | D:11     | Killed a three-headed hydra
 11113 | D:11     | Found a bloodstained altar of Trog.
 11321 | D:12     | Paralysed by a hornet for 2 turns
 11720 | D:12     | Reached ****** piety under Okawaru
 11723 | D:12     | Noticed a white ugly thing
 11732 | D:12     | Killed a white ugly thing
 11732 | D:12     | Received a gift from Okawaru
 11735 | D:12     | Got a fine hat {god gift}
 11741 | D:12     | Identified the +0 hat "Foxocuisk" {rPois rN+++ Slay-3
                  | Stlth-} (Okawaru gifted it to you on level 12 of the
                  | Dungeon)
 11967 | D:12     | Found Xoaptum's Weapon Boutique.
 11968 | D:12     | Found a staircase to the Orcish Mines.
 12203 | Lair:1   | Entered Level 1 of the Lair of Beasts
 12244 | Lair:1   | Found a labyrinth entrance.
 12262 | Lab      | Entered a labyrinth
 12359 | Lab      | Reached XP level 12. HP: 105/105 MP: 11/11
 12430 | Lab      | Noticed a minotaur
 12446 | Lab      | Slain by a minotaur

Skill      XL: |  1  2  3  4  5  6  7  8  9 10 11 |
---------------+----------------------------------+-----
Fighting       | 4 5 6 7 8 9 |  9.4
Long Blades    | 3 5 6 8 10 12 13 | 13.7
Armour         | 4 5 6 7 8 9 11 | 11.5
Shields        | 4 5 6 7 9 10 11 | 11.7
Dodging        | 1 2 3 |  3.0
Stealth        | 2 |  2.6
Invocations    | |  0.8
Evocations     | |  0.1

Action                   |  1- 3 |  4- 6 |  7- 9 | 10-12 || total
-------------------------+-------+-------+-------+-------++-------
Melee: Long sword        |    89 |   257 |   241 |       ||   587
       Headbutt          |    11 |    41 |    63 |    96 ||   211
       Falchion          |       |       |    78 |   405 ||   483
Invok: Heroism           |       |       |       |     4 ||     4
Evoke: Wand              |       |       |     1 |       ||     1
  Use: Scroll            |       |     4 |     1 |    12 ||    17
       Potion            |       |     2 |     2 |     2 ||     6
 Stab: Paralysed         |       |       |     4 |       ||     4
  Eat: Chunk             |     1 |     4 |    13 |    15 ||    33
       Ration            |       |     1 |       |     1 ||     2
Armor: Scale mail        |    20 |       |       |       ||    20
       Chain mail        |    58 |   183 |    54 |       ||   295
       Plate armour      |       |       |    64 |   164 ||   228
Dodge: Dodged            |    25 |    83 |    49 |    77 ||   234
Block: Shield            |    78 |   176 |   159 |   203 ||   616
       Rpst.: Long sword |     8 |    18 |    10 |       ||    36
       Falchion          |       |       |     2 |    15 ||    17
